 Dungeon Crawl Stone Soup version 0.25-a0-632-g7713895373 (webtiles) character file.

Game seed: 7993505912876127262, levelgen mode: deterministic

15727 Esekla the Carver (level 12, -4/91 HPs)
             Began as a Demonspawn Abyssal Knight on Mar 19, 2020.
             Was the Champion of Lugonu.
             Slain by a swamp worm (15 damage)
             ... on level 12 of the Dungeon on Mar 20, 2020.
             The game lasted 01:39:56 (11609 turns).

Esekla the Carver (Demonspawn Abyssal Knight)      Turns: 11609, Time: 01:39:56

Health: -4/91      AC:  7    Str: 13    XL:     12   Next: 3%
Magic:  0/21       EV: 15    Int: 21    God:    Lugonu [******]
Gold:   470        SH:  0    Dex: 18    Spells: 16/23 levels left

rFire    . . .     SeeInvis .   e - +4 falchion (elec)
rCold    . . .     Gourm    .   (no shield)
rNeg     . . .     Faith    .   l - +3 troll leather armour {Purgy}
rPois    .         Spirit   +   (no helmet)
rElec    .         Reflect  .   w - +0 cloak
rCorr    .         Harm     .   o - +0 pair of gloves
MR       .....     Clarity  +   q - +0 pair of boots
Stlth    +.........             K - amulet of regeneration
HPRegen  1.05/turn              m - +6 ring of intelligence
MPRegen  0.34/turn              F - +3 ring of slaying

@: confused, corroded
A: hooves 2, agile 1, blink, clarity, demonic guardian 1, magic shield, magic
regeneration, magic link, no potion heal 1
a: Blink, Depart the Abyss, Bend Space, Banish, Corrupt, Enter the Abyss, Brand
Weapon With Distortion, Renounce Religion


You were on level 12 of the Dungeon.
You worshipped Lugonu.
Lugonu was exalted by your worship.
You were hungry.

You visited 1 branch of the dungeon, and saw 13 of its levels.
You visited the Abyss 1 time.

You collected 646 gold pieces.
You spent 176 gold pieces at shops.

Inventory:

Hand Weapons
 a - a +3 falchion
 e - a +4 falchion of electrocution (weapon)
 v - a +2 dagger of venom
Missiles
 s - 9 javelins (quivered)
 u - 6 boomerangs
 J - 22 poisoned darts
Armour
 l - a +3 troll leather armour (worn) {Purgy}
 o - a +0 pair of gloves (worn)
 q - a +0 pair of boots (worn)
 w - a +0 cloak (worn)
Jewellery
 b - an uncursed ring of protection from magic
 h - an uncursed amulet of the gourmand
 m - a +6 ring of intelligence (left hand)
 B - a +6 ring of evasion {unknown}
 F - a +3 ring of slaying (right hand)
 K - an amulet of regeneration (around neck)
 M - the ring of Gyz Wyo {rElec rC+ MR- Int+5}
   (You found it on level 10 of the Dungeon)

   [ring of protection from cold]

   It affects your intelligence (+5).
   It protects you from cold.
   It insulates you from electricity.
   It affects your resistance to hostile enchantments.
Wands
 x - a wand of iceblast (10)
 y - a wand of paralysis (8)
 z - a wand of random effects (3)
 E - a wand of clouds (4)
 G - a wand of polymorph (8)
Scrolls
 d - 6 scrolls of remove curse
 i - 4 scrolls of magic mapping
 j - a scroll of teleportation
 A - 2 scrolls of amnesia
 D - 3 scrolls of fog
Potions
 f - 5 potions of curing
 k - 3 potions of flight
 n - a potion of magic
 p - 2 potions of brilliance
 r - 2 potions of cancellation
 t - a potion of ambrosia
 C - 4 potions of stabbing
 H - a potion of resistance {unknown}
 L - a potion of invisibility {unknown}
Comestibles
 c - 23 rations
 I - a chunk of flesh


   Skills:
 + Level 7.4 Fighting
 + Level 3.3(6.1) Short Blades
 + Level 8.0(8.3) Long Blades
 + Level 0.8 Throwing
 + Level 5.0 Armour
 + Level 4.7 Dodging
 + Level 4.6 Stealth
 * Level 6.0 Spellcasting
 + Level 3.2 Conjurations
 * Level 5.3 Fire Magic
 * Level 5.5 Air Magic
 * Level 6.3 Poison Magic
 + Level 4.0 Invocations


You had 16 spell levels left.
You knew the following spells:

 Your Spells              Type           Power        Failure   Level  Hunger
a - Magic Dart            Conj           ###.         3%          1    None
c - Mephitic Cloud        Conj/Pois/Air  ####....     4%          3    ##.....
f - Conjure Flame         Conj/Fire      ###.....     6%          3    ##.....

Your spell library contained the following spells:

 Spells                   Type           Power        Failure   Level  Hunger
 Blink                    Tloc           N/A          19%         2    None
 Call Imp                 Summ           #.......     19%         2    None
 Slow                     Hex            #.......     19%         2    None


Dungeon Overview and Level Annotations

Branches:
Dungeon (13/15)            Temple (0/1) D:6            Lair (0/6) D:8
    Orc (0/2) D:11         Vaults (0/5) D:13

Altars:
Ashenzari

Shops:
D:4 ![}   D:9 =   D:13 [

Annotations:
D:8 3 runed translucent doors, Rotter5's ghost, novice DrIE


Innate Abilities, Weirdness & Mutations

You have hoof-like feet.
A weak demonic guardian rushes to your aid.
When hurt, damage is shared between your health and your magic reserves.
You regenerate magic rapidly.
When low on magic, you restore magic in place of health.
You are agile. (Dex +2)
You can translocate small distances at will.
You possess an exceptional clarity of mind.
Potions are less effective at restoring your health.


Message History

The swamp worm bites you. The swamp worm bites you!
* * * LOW HITPOINT WARNING * * *
The orc hits you but does no damage.
Your system partially rejects the healing.
You feel much better. The swamp worm bites you.
* * * LOW HITPOINT WARNING * * *
The swamp worm completely misses you. The orc hits you with a +0 dagger.
* * * LOW HITPOINT WARNING * * *
Okay, then.
The swamp worm fires a harpoon shot at you.
The harpoon shot hits you!
* * * LOW HITPOINT WARNING * * *
You are yanked forward by the harpoon shot.
The orc hits you with a +0 dagger.
* * * LOW HITPOINT WARNING * * *
You see here a leather armour.
You are confused.
Your system partially rejects the healing.
You feel invigorated. The swamp worm bites you!!
You die...

≈≈ #.........uT... ≈
#....# #.# # #O##.##
#.# # #†....## #.##
#
#.##...###..#####..
# ##.#
#...#.......... #
#.9# #...o..# #
##.## ##...wo.# ###
#..# #....9@.#
..###.#####.#..w..#
.....[......####..##
.....)....### #....#
#.........# #>...#
#.........#####....#
#.................##
#............####.#
#.........##......#


You could see 2 swamp worms, a gargoyle and 2 orcs.

Vanquished Creatures
  Erolcha (D:12)
  Harold (D:6)
  A death knight (D:12)
  A two-headed ogre (D:10)
  2 deep elf knights (D:10)
  A wizard (D:10)
  2 orc knights (D:10)
  2 ugly things
  A centaur zombie (D:10)
  A gargoyle (D:10)
  3 trolls
  A hornet (D:12)
  Prince Ribbit (D:5)
  4 hippogriffs
  2 meliai zombies
  A spriggan (D:9)
  Sigmund (D:2)
  2 basilisks (D:8)
  2 vampires
  2 hungry ghosts
  An acid dragon (D:11)
  2 water moccasins
  Purgy (D:4)
  6 orc warriors
  5 ice beasts
  2 sky beasts
  A phantom (D:8)
  5 ogres
  An eye of draining (D:10)
  6 centaurs
  2 crocodiles
  10 bullfrogs
  7 killer bees
  A scorpion (D:6)
  4 wights
  5 howler monkeys
  5 crimson imps
  3 hounds
  2 bullfrog zombies
  11 orc priests
  2 centaur skeletons
  3 jellies
  5 bullfrog skeletons
  4 iguanas
  Terence (D:3)
  15 orc wizards
  Natasha (thrice) (D:2)
  6 worker ants
  A killer bee zombie (D:9)
  3 hound zombies
  A hound skeleton (D:10)
  2 mummies (D:11)
  7 gnolls
  2 worker ant zombies
  13 adders
  A shadow imp (D:7)
  An ooze (D:1)
  An adder skeleton (D:5)
  A worm (D:5)
  4 dart slugs
  6 leopard geckos
  62 orcs
  7 giant cockroaches
  6 goblins
  4 hobgoblins
  8 jackals
  2 quokkas
  A ball python (D:4)
  7 bats
  6 frilled lizards
  5 kobolds
  A leopard gecko zombie (D:8)
  A quokka zombie (D:6)
  5 rats
309 creatures vanquished.

Vanquished Creatures (collateral kills)
  An elephant (D:8)
  Joseph (D:9)
  A troll (D:10)
  A hippogriff (D:8)
  A hungry ghost (D:8)
  A black bear (D:9)
  A bullfrog (D:9)
  A howler monkey (D:11)
  A hound (D:12)
  A bullfrog skeleton (D:9)
  An orc wizard (D:9)
  An adder (D:7)
  3 orcs
  A quokka (D:8)
16 creatures vanquished.

Vanquished Creatures (others)
  4 plants
4 creatures vanquished.

Grand Total: 329 creatures vanquished

Notes
Turn   | Place    | Note
-------+----------+-------------------------------------------
     0 | Abyss:1  | Esekla the Demonspawn Abyssal Knight began the quest for
                  | the Orb.
     0 | Abyss:1  | Reached XP level 1. HP: 18/18 MP: 2/2
    29 | Abyss:2  | Noticed a hellephant
    56 | Abyss:2  | Noticed a wretched star
    56 | Abyss:2  | Noticed a starcursed mass
    72 | D:1      | Escaped the Abyss
   215 | D:1      | Reached * piety under Lugonu
   222 | D:1      | Gained mutation: When hurt, damage is shared between your
                  | health and your magic reserves. [demonic ancestry]
   222 | D:1      | Reached XP level 2. HP: 24/24 MP: 3/3
   301 | D:1      | Reached skill level 2 in Long Blades
   519 | D:1      | Reached skill level 1 in Dodging
   789 | D:2      | Noticed Sigmund
  1037 | D:2      | Noticed Natasha
  1038 | D:2      | Noticed a crimson imp
  1049 | D:1      | Reached XP level 3. HP: 17/29 MP: 3/5
  1219 | D:2      | Killed Natasha
  1231 | D:1      | Gained mutation: You have large cloven feet. [demonic
                  | ancestry]
  1231 | D:1      | Reached XP level 4. HP: 17/36 MP: 6/6
  1418 | D:2      | Noticed Natasha
  1431 | D:2      | Killed Natasha
  1503 | D:2      | Noticed Natasha
  1514 | D:2      | Killed Natasha
  1514 | D:2      | Reached skill level 3 in Long Blades
  2082 | D:2      | HP: 1/37 [Sigmund/+0 scythe (9)]
  2083 | D:2      | Killed Sigmund
  2083 | D:2      | Reached XP level 5. HP: 2/42 MP: 0/7
  2083 | D:2      | Gained mutation: You regenerate magic rapidly. [demonic
                  | ancestry]
  2083 | D:2      | Reached XP level 6. HP: 2/48 MP: 0/8
  2380 | D:2      | Reached skill level 1 in Stealth
  2384 | D:2      | Found a shattered altar of Ashenzari.
  2966 | D:3      | Noticed Terence
  2978 | D:3      | Killed Terence
  3815 | D:4      | Noticed Purgy
  3954 | D:4      | Reached skill level 1 in Short Blades
  4087 | D:4      | Reached ** piety under Lugonu
  4100 | D:4      | Reached skill level 1 in Spellcasting
  4352 | D:4      | Found Mevyvig's Antique Armour Boutique.
  4402 | D:4      | Found Lieriph's Distillery.
  4410 | D:4      | Gained mutation: You are agile. (Dex +2) [potion of
                  | mutation]
  4410 | D:4      | Gained mutation: Your muscles are strong. (Str +2) [potion
                  | of mutation]
  4410 | D:4      | Gained mutation: Your muscles are very strong. (Str +4)
                  | [potion of mutation]
  4611 | D:4      | Killed Purgy
  4611 | D:4      | Reached skill level 4 in Long Blades
  4611 | D:4      | Reached XP level 7. HP: 36/55 MP: 7/9
  4812 | D:4      | Found Ackap's Gadget Boutique.
  4968 | D:5      | Entered Level 5 of the Dungeon
  5463 | D:6      | Found a staircase to the Ecumenical Temple.
  5733 | D:6      | Gained mutation: A weak demonic guardian rushes to your
                  | aid. [demonic ancestry]
  5733 | D:6      | Reached XP level 8. HP: 54/61 MP: 9/12
  5980 | D:7      | Noticed a hippogriff
  5992 | D:7      | Killed a hippogriff
  5992 | D:7      | Reached skill level 5 in Fighting
  5992 | D:7      | Reached skill level 5 in Long Blades
  6065 | D:6      | Learned a level 1 spell: Magic Dart
  6069 | D:6      | Learned a level 3 spell: Conjure Flame
  6073 | D:6      | Learned a level 3 spell: Mephitic Cloud
  6136 | D:6      | Reached skill level 1 in Poison Magic
  6224 | D:7      | Noticed Harold
  6372 | D:7      | Reached *** piety under Lugonu
  6372 | D:7      | Reached skill level 1 in Conjurations
  6429 | D:7      | Reached skill level 1 in Fire Magic
  6446 | D:6      | Killed Harold
  6446 | D:6      | Reached skill level 1 in Air Magic
  6446 | D:6      | Reached XP level 9. HP: 36/68 MP: 9/14
  7668 | D:8      | Noticed an elephant
  7669 | D:8      | Found a staircase to the Lair.
  7684 | D:8      | Killed an elephant
  7684 | D:8      | Reached skill level 6 in Long Blades
  7891 | D:8      | Gained mutation: You have hoof-like feet. [demonic
                  | ancestry]
  7891 | D:8      | Reached XP level 10. HP: 50/76 MP: 16/16
  8066 | D:8      | Found a runed translucent gate.
  8066 | D:8      | Found a runed translucent gate.
  8066 | D:8      | Found a runed translucent gate.
  8069 | D:8      | Noticed an 11-headed hydra
  8069 | D:8      | Noticed Rotter5's ghost (novice DrIE)
  8071 | D:8      | Noticed a nine-headed hydra
  8231 | D:9      | Lost mutation: You are agile. (Dex +2) [potion of mutation]
  8231 | D:9      | Lost mutation: Your muscles are very strong. (Str +4)
                  | [potion of mutation]
  8231 | D:9      | Gained mutation: You tend to lose your temper in combat.
                  | [potion of mutation]
  8231 | D:9      | Gained mutation: You have hooves in place of feet. [potion
                  | of mutation]
  8231 | D:9      | Gained mutation: Your mind is acute. (Int +2) [potion of
                  | mutation]
  8378 | D:9      | Reached **** piety under Lugonu
  8576 | D:4      | Bought 2 potions of mutation for 176 gold pieces
  8576 | D:4      | Lost mutation: Your mind is acute. (Int +2) [potion of
                  | mutation]
  8576 | D:4      | Gained mutation: You can translocate small distances at
                  | will. [potion of mutation]
  8576 | D:4      | Gained mutation: Your spells are a little easier to cast,
                  | but a little less powerful. [potion of mutation]
  8576 | D:4      | Lost mutation: Your spells are a little easier to cast, but
                  | a little less powerful. [potion of mutation]
  8577 | D:4      | Lost mutation: Your muscles are strong. (Str +2) [potion of
                  | mutation]
  8577 | D:4      | Lost mutation: You have hooves in place of feet. [potion of
                  | mutation]
  8577 | D:4      | Lost mutation: You tend to lose your temper in combat.
                  | [potion of mutation]
  8577 | D:4      | Gained mutation: You possess an exceptional clarity of
                  | mind. [potion of mutation]
  8577 | D:4      | Gained mutation: Potions are less effective at restoring
                  | your health. [potion of mutation]
  8577 | D:4      | Gained mutation: You are agile. (Dex +2) [potion of
                  | mutation]
  8792 | D:5      | Noticed Prince Ribbit
  8812 | D:5      | Killed Prince Ribbit
  8812 | D:5      | Reached skill level 5 in Poison Magic
  9243 | D:10     | Entered Level 10 of the Dungeon
  9380 | D:9      | Found Ruop's Jewellery Boutique.
  9464 | D:9      | Noticed Joseph
  9478 | D:9      | Killed Joseph
  9482 | D:9      | Reached ***** piety under Lugonu
  9851 | D:11     | Found a staircase to the Orcish Mines.
 10104 | D:11     | Noticed a cyan ugly thing
 10121 | D:11     | Killed a cyan ugly thing
 10275 | D:11     | Reached skill level 7 in Long Blades
 10290 | D:11     | Reached XP level 11. HP: 61/83 MP: 15/18
 10326 | D:11     | Noticed a two-headed ogre
 10552 | D:10     | Noticed a two-headed ogre
 10585 | D:10     | Killed a two-headed ogre
 10585 | D:10     | Reached skill level 5 in Spellcasting
 10657 | D:10     | Noticed a wizard
 10675 | D:10     | Killed a wizard
 10682 | D:10     | Noticed an orc knight
 10684 | D:10     | Noticed an orc knight
 10690 | D:10     | Noticed a +6 double sword
 10694 | D:10     | Killed an orc knight
 10696 | D:10     | Noticed a deep elf knight
 10696 | D:10     | Noticed a deep elf knight
 10706 | D:10     | Killed a deep elf knight
 10706 | D:10     | Reached skill level 5 in Air Magic
 10711 | D:10     | Killed an orc knight
 10716 | D:10     | Killed a deep elf knight
 10808 | D:10     | Got a coiled golden ring
 10881 | D:10     | Identified the ring of Gyz Wyo {rElec rC+ MR- Int+5} (You
                  | found it on level 10 of the Dungeon)
 11222 | D:10     | Reached skill level 5 in Fire Magic
 11247 | D:10     | You fall into a shaft and drop 3 floors!
 11247 | D:13     | Noticed a death knight
 11248 | D:13     | Noticed a skeletal warrior
 11248 | D:13     | Noticed a phantasmal warrior
 11269 | D:13     | Found a gate to the Vaults.
 11270 | D:13     | Noticed a deep elf mage
 11270 | D:13     | Noticed a two-headed ogre
 11270 | D:13     | Noticed a necromancer
 11272 | D:13     | Noticed a two-headed ogre
 11311 | D:13     | Noticed an eight-headed hydra
 11317 | D:13     | Found Eli Oth's Antique Armour Emporium.
 11327 | D:13     | Noticed a centaur warrior
 11361 | D:12     | Reached ****** piety under Lugonu
 11394 | D:12     | Killed a death knight
 11456 | D:12     | Reached skill level 5 in Armour
 11509 | D:12     | Noticed Erolcha
 11511 | D:12     | Noticed a white ugly thing
 11531 | D:12     | Killed a green ugly thing
 11566 | D:12     | Reached skill level 8 in Long Blades
 11575 | D:12     | Killed Erolcha
 11575 | D:12     | Gained mutation: When low on magic, you restore magic in
                  | place of health. [demonic ancestry]
 11575 | D:12     | Reached XP level 12. HP: 84/91 MP: 14/20
 11592 | D:12     | Noticed a two-headed ogre
 11609 | D:12     | Slain by a swamp worm

Levels and vault maps discovered:
D:1:      saegor_arrival_simple_e, layout_basic
D:2:      layout_basic, nicolae_ashenzari_panopticon,
          minmay_misc_feat_four_crosses, chequers_big_river,
          minmay_misc_feat_alley, minivault_26, uniq_natasha, uniq_sigmund
D:3:      layout_basic, minmay_curled_crystal, uniq_terence
D:4:      layout_gridville, serial_shops, shop_fountains, shop,
          nicolae_shop_crystal, uniq_purgy
D:5:      layout_basic, first_ration, uniq_prince_ribbit1
D:6:      layout_loops_ring, minmay_temple_entry_statues_pillars,
          minmay_hedge_maze
D:7:      layout_layer_cave, serial_glass, glass_columns_a, glass_columns_c,
          uniq_harold
D:8:      layout_basic, david_lair_generic, gammafunk_ghost_hydra_chop
D:9:      layout_roguey, serial_corexii_hall, chequers_hall_statues_wall_a,
          chequers_hall_statues_y, corexii_hall_statues_i, serial_shops, shop,
          grunt_pizzeria, uniq_joseph
D:10:     minmay_opposing_rooms, layout_long_grid, sword_in_stone
D:11:     layout_gridville, hiddenorc2_lemuel, serial_undead, serial_undead_c,
          serial_undead_f, serial_undead_c, serial_undead_c, st_stairs_6
D:12:     layout_rooms, worms_lemuel, uniq_erolcha
D:13:     layout_cave_pools, david_vaults_1, serial_shops, shop,
          ebering_ghost_inner_flame

Skill      XL: |  1  2  3  4  5  6  7  8  9 10 11 12 |
---------------+-------------------------------------+-----
Long Blades    | 2 3 4 5 6 7 8 |  8.0
Dodging        | 1 2 3 4 |  4.7
Armour         | 2 3 4 5 |  5.0
Invocations    | 3 4 |  4.0
Fighting       | 4 5 6 7 |  7.4
Stealth        | 1 2 3 4 |  4.6
Short Blades   | 1 2 3 |  3.3
Spellcasting   | 1 2 3 4 5 6 |  6.0
Poison Magic   | 2 4 5 6 |  6.3
Conjurations   | 1 2 3 |  3.2
Fire Magic     | 1 3 4 5 |  5.3
Air Magic      | 1 2 4 5 |  5.5
Throwing       | |  0.8

Action                   |  1- 3 |  4- 6 |  7- 9 | 10-12 || total
-------------------------+-------+-------+-------+-------++-------
Melee: Falchion          |    59 |   123 |   120 |   420 ||   722
       Dagger            |     6 |    71 |    99 |   101 ||   277
       Kick              |       |    17 |       |    14 ||    31
Throw: Javelin           |       |       |     4 |     2 ||     6
       Dart              |       |       |       |     6 ||     6
 Cast: Mephitic Cloud    |       |       |     5 |    27 ||    32
       Magic Dart        |       |       |    26 |     5 ||    31
       Conjure Flame     |       |       |     1 |     4 ||     5
Invok: Depart the Abyss  |     1 |       |       |       ||     1
       Bend Space        |       |       |     6 |     6 ||    12
  Use: Scroll            |     4 |     3 |    13 |    18 ||    38
       Potion            |       |     1 |       |     8 ||     9
 Stab: Confused          |       |       |     6 |    14 ||    20
       Distracted        |       |       |     2 |     3 ||     5
       Sleeping          |       |       |       |     4 ||     4
       Paralysed         |       |       |       |     2 ||     2
  Eat: Chunk             |       |     7 |    19 |    11 ||    37
       Ration            |       |     1 |       |       ||     1
Armor: Leather armour    |    14 |    52 |       |       ||    66
       Troll leather arm |       |       |    58 |   143 ||   201
Dodge: Dodged            |    50 |   132 |   156 |   350 ||   688
       Rpst.: Falchion   |    14 |    29 |    23 |    89 ||   155

Table legend:
 A = Non-vault XP
 B = Vault XP
 C = Vault XP percentage of total XP
 D = Non-vault monster count
 E = Vault monster count
 F = Vault count percentage of total count
                 A         B        C        D         E       F
            +---------+---------+-------+---------+---------+-------
      Total |   15173 |    7295 |  32.5 |     266 |      59 |  18.2
            +---------+---------+-------+---------+---------+-------
        D:1 |      62 |       0 |   0.0 |      20 |       0 |   0.0
        D:2 |      80 |     247 |  75.5 |      10 |       2 |  16.7
        D:3 |      83 |      36 |  30.3 |      23 |       1 |   4.2
        D:4 |     318 |     141 |  30.7 |      20 |       1 |   4.8
        D:5 |     622 |     253 |  28.9 |      34 |       1 |   2.9
        D:6 |    1014 |     768 |  43.1 |      13 |       1 |   7.1
        D:7 |     973 |       0 |   0.0 |      19 |       0 |   0.0
        D:8 |    1005 |     896 |  47.1 |      14 |       4 |  22.2
        D:9 |    1640 |     479 |  22.6 |      37 |       2 |   5.1
       D:10 |    3659 |    3138 |  46.2 |      24 |       6 |  20.0
       D:11 |    1909 |     673 |  26.1 |      23 |      40 |  63.5
       D:12 |    3593 |     664 |  15.6 |      25 |       1 |   3.8
       D:13 |     215 |       0 |   0.0 |       4 |       0 |   0.0
            +---------+---------+-------+---------+---------+-------
